 Dungeon Crawl Stone Soup version 0.28.0-53-g5a82cb258f (webtiles) character file.

Game seed: 11046820432081580689

324942 Infinimo the Slayer (level 21, -8/289 HPs)
             Began as an Ogre Gladiator on May 26, 2022.
             Was the Champion of Okawaru.
             Mangled by a rockslime (16 damage)
             ... on level 4 of the Pits of Slime.
             The game lasted 01:52:33 (63622 turns).

Infinimo the Slayer (Ogre Gladiator)               Turns: 63622, Time: 01:52:34

Health: -8/289     AC:  9    Str: 26    XL:     21   Next: 61%
Magic:  0/21       EV: 18    Int: 17    God:    Okawaru [******]
Gold:   3075       SH:  5    Dex: 13    Spells: 20/20 levels left

rFire   . . .      SeeInvis +   J - +8 giant spiked club (vamp)
rCold   . . .      Faith    .   (shield currently unavailable)
rNeg    . . .      Spirit   .   K - +3 swamp dragon scales
rPois   +          Reflect  +   b - +2 hat {Will+}
rElec   .          Harm     .   (no cloak)
rCorr   +          Rampage  .   (gloves unavailable)
Will    ++++.                   (boots unavailable)
Stlth   +.........              E - amulet "Oghalo" {Reflect Will+ Str+2 SH+5 SInv}
HPRegen 0.58/turn               Q - +4 ring of protection
MPRegen 0.17/turn               T - ring of Qigresev {Wiz rCorr Dex+3}

@: engulfed (cannot breathe), corroded
A: large, unfitting armour, tough skin 1, robust 1, screaming 1, sturdy frame 1
}: 2/15 runes: decaying, serpentine
a: Renounce Religion, Heroism, Finesse, Duel


You were on level 4 of the Pits of Slime.
You worshipped Okawaru.
Okawaru was exalted by your worship.
You visited 8 branches of the dungeon, and saw 40 of its levels.
You also visited: Sewer, Gauntlet and Ice Cave.

You collected 4325 gold pieces.
You spent 1250 gold pieces at shops.

Inventory:

Hand Weapons
 B - a +0 eveningstar of draining
 F - the +7 great mace "Undeadhunter" {disrupt, rN+}
   (Okawaru gifted it to you on level 1 of the Snake Pit)

   It inflicts significantly more damage against the undead.
   rN:        It protects you from negative energy.
 J - a +8 vampiric giant spiked club (weapon)
Armour
 b - a +2 hat of willpower (worn)
 k - the +5 hat "Iskin" {rF- rC+ Str+2 SInv}
   (You found it in a Gauntlet)

   Str:       It affects your strength (+2).
   rF:        It makes you vulnerable to fire.
   rC:        It protects you from cold.
   SInv:      It lets you see invisible.
 K - +3 swamp dragon scales (worn)
 P - the +1 robe of Vines {NoPotionHeal Regen++++}
   (You found it on level 11 of the Dungeon)

   Its wearer cannot be healed by potions.
   Regen:     It increases your rate of health regeneration.
Jewellery
 d - a ring of wizardry
 t - the ring of Jeni {Ice Fly rCorr Str+3}
   (You found it in an ice cave)

   [ring of ice]

   It enhances your ice magic.
   Str:       It affects your strength (+3).
   rF:        It makes you vulnerable to fire.
   rC:        It protects you from cold.
   Fly:       It grants you flight.
   rCorr:     It protects you from acid and corrosion.
 E - the amulet "Oghalo" (around neck) {Reflect Will+ Str+2 SH+5 SInv}
   (You found it in an ice cave)

   [amulet of reflection]

   It reflects blocked missile attacks.
   Str:       It affects your strength (+2).
   SInv:      It lets you see invisible.
   SH:        It affects your SH (+5).
   Will:      It increases your willpower.
 Q - a +4 ring of protection (left hand)
 T - the ring of Qigresev (right hand) {Wiz rCorr Dex+3}
   (You bought it in a shop on level 2 of the Orcish Mines)

   [ring of wizardry]

   It improves your spell success rate.
   Dex:       It affects your dexterity (+3).
   rCorr:     It protects you from acid and corrosion.
 U - a ring of protection from fire
 W - a +4 ring of evasion
 X - a ring of resist corrosion
Wands
 f - a wand of flame (16)
 g - a wand of digging (8)
 p - a wand of iceblast (46)
 x - a wand of mindburst (21)
 N - a wand of polymorph (10)
 R - a wand of paralysis (2)
Scrolls
 n - a scroll of teleportation
 s - 8 scrolls of fog
 A - a scroll of amnesia
 G - a scroll of fear
 I - 2 scrolls of blinking
 M - 19 scrolls of identify
 Y - a scroll of magic mapping
 Z - 4 scrolls of enchant armour
Potions
 a - 5 potions of lignification
 e - 5 potions of degeneration
 h - 4 potions of flight
 j - 5 potions of cancellation
 o - 2 potions of magic
 q - 4 potions of heal wounds
 r - 6 potions of might
 u - 4 potions of attraction
 v - 15 potions of curing
 w - 4 potions of mutation
 C - 3 potions of ambrosia
 D - 4 potions of haste
 L - 2 potions of brilliance
 O - 2 potions of invisibility
 V - 3 potions of resistance


   Skills:
 + Level 26.8 Fighting
 * Level 22.0 Maces & Flails
 - Level 2.0 Throwing
 + Level 19.8 Dodging


You had 20 spell levels left.
You didn't know any spells.
Your spell library contained the following spells:

 Spells                   Type           Power      Damage    Failure   Level
 Apportation              Tloc           0%         N/A       12%         1
 Beastly Appendage        Tmut           0%         N/A       12%         1
 Freeze                   Ice            0%         1d3       12%         1
 Pain                     Necr           0%         1d4       12%         1
 Slow                     Hex            0%         N/A       12%         1
 Sting                    Tmut/Pois      0%         1d3       12%         1
 Corpse Rot               Necr/Air       0%         N/A       17%         2
 Poisonous Vapours        Pois/Air       0%         N/A       17%         2
 Wereblood                Tmut           0%         N/A       17%         2
 Confusing Touch          Hex            0%         N/A       32%         3
 Conjure Flame            Conj/Fire      0%         6-21      32%         3
 Frozen Ramparts          Ice            0%         1d2       32%         3
 Gell's Gravitas          Tloc           0%         N/A       32%         3
 Mephitic Cloud           Conj/Pois/Air  0%         N/A       32%         3
 Ozocubu's Armour         Ice            0%         N/A       32%         3
 Portal Projectile        Hex/Tloc       0%         N/A       32%         3
 Spider Form              Tmut/Pois      0%         N/A       32%         3
 Stone Arrow              Conj/Erth      0%         3d7       32%         3
 Vampiric Draining        Necr           0%         2d6       32%         3
 Anguish                  Hex/Necr       0%         N/A       71%         4
 Fulminant Prism          Conj/Hex       0%         3d6       71%         4
 Hailstorm                Conj/Ice       0%         3d3       71%         4
 Ice Form                 Ice/Tmut       0%         N/A       71%         4
 Iskenderun's Mystic Bla  Conj/Tloc      0%         2d3       71%         4
 Leda's Liquefaction      Hex/Erth       0%         N/A       71%         4
 Agony                    Necr           0%         N/A       95%         5
 Alistair's Intoxication  Tmut/Pois      0%         N/A       95%         5
 Blade Hands              Tmut           0%         N/A       95%         5
 Excruciating Wounds      Necr           0%         N/A       95%         5
 Lee's Rapid Deconstruct  Erth           0%         3d5*      95%         5
 Silence                  Hex/Air        0%         N/A       95%         5
 Yara's Violent Unravell  Hex/Tmut       0%         3d3       95%         5
 Dispersal                Tloc           0%         N/A       100%        6
 Statue Form              Tmut/Erth      0%         N/A       100%        6
 Enfeeble                 Hex            0%         N/A       100%        7
 Orb of Destruction       Conj           0%         9d5       100%        7
 Ozocubu's Refrigeration  Ice            0%         4d5       100%        7
 Storm Form               Tmut/Air       0%         N/A       100%        7
 Disjunction              Tloc           0%         N/A       100%        8
 Lehudib's Crystal Spear  Conj/Erth      0%         10d2      100%        8
 Maxwell's Capacitive Co  Air            0%         ∞         100%        8
 Fire Storm               Conj/Fire      0%         5d1       100%        9
 Animate Skeleton         Necr           Unusable   N/A       N/A         1
 Summon Small Mammal      Summ           Unusable   N/A       N/A         1
 Summon Guardian Golem    Hex/Summ       Unusable   N/A       N/A         3
 Tukima's Dance           Hex            Unusable   N/A       N/A         3
 Animate Armour           Summ/Erth      Unusable   N/A       N/A         4
 Summon Lightning Spire   Summ/Air       Unusable   N/A       N/A         4
 Simulacrum               Ice/Necr       Unusable   N/A       N/A         6
 Spellforged Servitor     Conj/Summ      Unusable   N/A       N/A         7

Dungeon Overview and Level Annotations

Branches:
Dungeon (15/15)            Temple (1/1) D:6            Lair (6/6) D:8
  Swamp (4/4) Lair:3        Snake (4/4) Lair:2        Slime (4/5) Lair:6
    Orc (2/2) D:9             Elf (0/3) Orc:2        Vaults (4/5) D:13
  Crypt (0/3) Vaults:3     Depths (0/4) D:15          Sewer (visited)
  IceCv (visited)         Gauntlet (visited)

Altars:
Ashenzari
Cheibriados
Dithmenos
Elyvilon
Fedhas
Gozag
Hepliaklqana
Kikubaaqudgha
Makhleb
Nemelex Xobeh
Okawaru
Qazlal
Ru
Sif Muna
Trog
Uskayaw
Vehumet
Wu Jian
Xom
Yredelemnul
Zin
The Shining One
Beogh
Jiyva

Shops:
D:4 ([(   D:11 :   Orc:2 !(!!*!([   Snake:1 :[   Snake:4 [

Annotations:
D:4 Menkaure
D:5 exclusion: oklob plant
Lair:2 2 transporters, exclusion: 2 oklob plants, Katirhy's ghost, journeyman DjCj
Swamp:4 exclusion: 2 oklob plants
Vaults:1 3 runed translucent doors
Vaults:3 2 transporters, christhawk's ghost, adept MiHu


Innate Abilities, Weirdness & Mutations

You are too large for most types of armour.
You have tough skin. (AC +1)
You are robust. (+10% HP)
You occasionally shout uncontrollably at your foes.
Your movements are slightly less encumbered by armour. (ER -2)


Message History

The splash of acid hits you! You resist.
* * * LOW HITPOINT WARNING * * *
The slime creature quivers.
The quicksilver ooze misses you. The quicksilver ooze hits you.
* * * LOW HITPOINT WARNING * * *
You feel your power leaking away.
You feel much better. The rockslime hits you!
* * * LOW HITPOINT WARNING * * *
You hold your ground!
The quicksilver ooze hits you. The quicksilver ooze engulfs you!
The quicksilver ooze hits you.
* * * LOW HITPOINT WARNING * * *
You feel your power leaking away. The rockslime completely misses you.
Unknown command.
You cannot read scrolls while unable to breathe!
You feel much better.
* * * LOW HITPOINT WARNING * * *
Your lungs strain for air!
The quicksilver ooze hits you!
* * * LOW HITPOINT WARNING * * *
The quicksilver ooze hits you but does no damage.
The quicksilver ooze completely misses you. x2
A slime creature comes into view.
The rockslime barely misses you. The acid blob spits acid at you.
The splash of acid hits you! You resist.
* * * LOW HITPOINT WARNING * * *
The acid corrodes you!
Unknown command.
Unknown command.
You slip free of the ooze engulfing you.
* * * LOW HITPOINT WARNING * * *
Your lungs strain for air!
The quicksilver ooze closely misses you.
The quicksilver ooze barely misses you. The acid blob hits you!
* * * LOW HITPOINT WARNING * * *
The acid corrodes you!
You are splashed with acid.
You resist.
* * * LOW HITPOINT WARNING * * *
The rockslime hits you!
You die...

#.................#.#J..J.....>..
#...........^.....#.#...J........
#........................#.......
..............#....>............#
.....>.........#..JJ....##......#
#..................J....#......##
#...............J......##...#...#
##.............JJJ...### #.###.##
##.......#....J@...# ### ##
#.................##
.........#.....#..##
.........J#.......#
.........###.....## ......
####..# .. #... ...#


You could see an acid blob, 4 slime creatures, 3 rockslimes and a quicksilver
ooze.

Vanquished Creatures
  Dissolution (Slime:1)
  Saint Roka (Snake:4)
  2 tentacled monstrosities
  Rupert (D:12)
  A titan (Vaults:3)
  Mlioglotl (Snake:3)
  7 acid blobs
  2 sphinxes
  Kirke (D:13)
  3 thorn hunters
  A tengu reaver (Vaults:3)
  13 nagarajas
  6 azure jellies
  Donald (Swamp:2)
  5 rockslimes
  An orc warlord (Vaults:3)
  Aizul (Snake:4)
  A hydra zombie (Swamp:4)
  A cacodemon (Vaults:1)
  6 vault wardens
  A ghoul (Swamp:3)
  3 ironbound preservers
  4 quicksilver oozes
  6 very ugly things
  2 vampire knights
  9 ironbound thunderhulks
  Nessos (Lair:5)
  3 eleionomae
  A deep elf annihilator (Vaults:2)
  Azrael (D:14)
  A white draconian (IceCv)
  5 bunyips
  A minotaur (Gauntlet)
  13 dire elephants
  An eidolon (Vaults:3)
  5 great orbs of eyes
  5 shambling mangroves
  23 hydras
  6 salamander tyrants (Snake:4)
  4 vault guards
  5 yaktaur captains
  2 boulder beetles
  A spriggan air mage (Swamp:3)
  25 naga warriors
  2 ironbound frosthearts
  A hydra (shapeshifter) (Vaults:2)
  13 anacondas
  2 dancing weapons (D:13)
  10 alligators
  7 centaur warriors
  4 two-headed ogres
  4 death yaks (Lair:6)
  A death knight (D:14)
  A vampire mage (Vaults:3)
  Urug (D:12)
  14 naga sharpshooters
  2 orc high priests (Orc:2)
  7 shock serpents
  A fire crab (Lair:4)
  6 salamander mystics
  4 goliath frogs
  A spectral anaconda (Lair:6)
  3 skeletal warriors
  7 deep trolls
  6 spriggan druids
  5 spectral hydras (Swamp:4)
  7 swamp dragons
  8 wizards
  An obsidian statue (Lair:6)
  A glowing orange brain (Slime:3)
  8 ironbound convokers
  10 naga ritualists
  3 harpies (D:14)
  A phantasmal warrior (D:14)
  7 bog bodies
  4 necromancers (Lair:6)
  11 lindwurms
  44 ugly things
  10 mana vipers
  A wolf spider (Lair:1)
  4 orc knights
  3 manticores
  3 shining eyes
  A manticore (shapeshifter) (D:14)
  3 will-o-the-wisps
  8 orc sorcerers
  20 salamanders
  7 vault sentinels
  18 naga magi
  Joseph (D:10)
  15 elephants
  A rust devil (Gauntlet)
  51 black mambas
  A cyclops (D:14)
  Maurice (Orc:1)
  A smoke demon (Gauntlet)
  4 ice statues
  A gargoyle (D:12)
  4 eyes of devastation
  10 guardian serpents
  A torpor snail (Lair:4)
  17 cane toads
  8 rime drakes
  11 komodo dragons
  5 freezing wraiths
  30 yaktaurs
  6 polar bears
  9 trolls
  2 death drake zombies (Swamp:4)
  A red devil (Gauntlet)
  A meliai (shapeshifter) (Vaults:3)
  18 hornets
  2 bloated husks
  8 tyrant leeches
  14 blink frogs
  Grinder (D:3)
  63 slime creatures
  3 death drake skeletons (Swamp:4)
  Sigmund (D:4)
  13 spriggans
  2 vampires (D:13)
  2 shadows
  A ynoxinul (Gauntlet)
  A wraith (D:9)
  3 fire elementals
  A wyvern (D:10)
  3 hogs (D:13)
  A human (D:13)
  8 basilisks
  A death yak simulacrum (Lair:6)
  64 yaks
  A steam dragon (D:8)
  8 golden eyes
  14 vampire mosquitoes
  52 nagas
  4 acid dragons
  11 swamp worms
  3 hell hounds
  A hydra simulacrum (Swamp:4)
  13 water moccasins
  7 swamp drakes
  2 sky beasts
  10 ice beasts
  28 orc warriors
  8 ogres
  2 necrophages
  2 swamp dragon zombies (Swamp:4)
  28 wolves
  A swamp dragon skeleton (Swamp:4)
  6 centaurs
  2 phantoms
  A gnoll sergeant (D:13)
  9 bullfrogs
  2 water moccasin zombies (D:5)
  3 scorpions
  A wyvern skeleton (D:7)
  4 killer bees (D:7)
  7 lindwurm simulacra (IceCv)
  21 wights
  3 crimson imps (Gauntlet)
  5 komodo dragon simulacra (IceCv)
  2 bullfrog zombies (D:6)
  4 hounds
  2 centaur zombies
  26 orc priests
  Crazy Yiuf (D:5)
  A gnoll shaman (D:4)
  2 bullfrog skeletons
  2 iron imps (Gauntlet)
  3 iguanas
  Ijyb (D:4)
  37 orc wizards
  A hell rat (Sewer)
  A hound skeleton (D:5)
  2 howler monkey zombies (D:6)
  2 acid dragon simulacra (IceCv)
  6 gnolls
  3 river rats (Sewer)
  5 adders
  4 white imps
  7 steam dragon simulacra (IceCv)
  An adder skeleton (D:4)
  6 worms
  2 dart slugs
  127 orcs
  4 ball pythons
  5 bats
  3 endoplasms
  5 giant cockroaches
  5 hobgoblins
  8 jackals
  4 kobolds
  4 quokkas (D:3)
  4 frilled lizards
  7 goblins
  12 rats
  5 briar patches (Swamp:3)
  2 butterflies (Lair:6)
  2 withered plants
1437 creatures vanquished.

Vanquished Creatures (others)
  A naga sharpshooter (Snake:2)
  2 wizards
  A rime drake (IceCv)
  An iguana (Lair:3)
  An orc wizard (Orc:2)
  2 briar patches (Swamp:3)
  15 foxfires
  37 fungi
  54 plants
  24 withered plants (Lair:6)
138 creatures vanquished.

Grand Total: 1575 creatures vanquished

Notes
Turn   | Place    | Note
-------+----------+-------------------------------------------
     0 | D:1      | Infinimo the Ogre Gladiator began the quest for the Orb.
     0 | D:1      | Reached XP level 1. HP: 22/22 MP: 1/1
   258 | D:1      | Reached XP level 2. HP: 29/29 MP: 2/2
   276 | D:1      | Reached skill level 3 in Fighting
  1087 | D:2      | Reached XP level 3. HP: 37/37 MP: 3/3
  1530 | D:2      | Found a faded altar of an unknown god.
  1716 | D:3      | Noticed Grinder
  1759 | D:3      | Paralysed by Grinder for 6 turns
  1969 | D:3      | Found a snail-covered altar of Cheibriados.
  1979 | D:3      | Reached XP level 4. HP: 45/45 MP: 4/4
  2077 | D:3      | Found a glowing drain.
  2093 | Sewer    | Entered a sewer
  2473 | Sewer    | Reached skill level 4 in Fighting
  2473 | Sewer    | Reached XP level 5. HP: 54/54 MP: 5/5
  2734 | D:3      | Paralysed by Grinder for 2 turns
  2760 | D:3      | Paralysed by Grinder for 2 turns
  2775 | D:3      | Killed Grinder
  2776 | D:3      | Reached XP level 6. HP: 7/65 MP: 6/6
  3272 | D:4      | Reached skill level 5 in Maces & Flails
  3273 | D:4      | Reached skill level 5 in Fighting
  3523 | D:4      | Found Ustrus's Antique Weapon Emporium.
  3577 | D:4      | Found Ewoos's Armour Boutique.
  3596 | D:4      | Found Venis's Antique Weapon Shoppe.
  3606 | D:4      | Identified the +5 quarterstaff of Causality {speed, Dex+2}
  3674 | D:4      | Reached XP level 7. HP: 69/72 MP: 7/7
  3711 | D:4      | Noticed Sigmund
  3728 | D:4      | Killed Sigmund
  3835 | D:4      | Reached skill level 6 in Fighting
  4080 | D:4      | Noticed Menkaure
  4486 | D:4      | Found a shimmering blue altar of Sif Muna.
  4723 | D:4      | Found an opulent altar of Gozag.
  4728 | D:4      | Found a white marble altar of Elyvilon.
  4732 | D:4      | Noticed Ijyb
  4743 | D:4      | Killed Ijyb
  4911 | D:5      | Entered Level 5 of the Dungeon
  4926 | D:5      | Reached XP level 8. HP: 80/83 MP: 8/8
  5041 | D:5      | Reached skill level 5 in Dodging
  6156 | D:5      | Reached skill level 7 in Fighting
  6495 | D:5      | Found a blossoming altar of Fedhas.
  6508 | D:5      | Noticed an oklob plant
  7111 | D:5      | Found a runed translucent door.
  7111 | D:5      | Found the +6 shillelagh "Devastator" {shatter}
  7112 | D:5      | Noticed Crazy Yiuf
  7201 | D:6      | Reached XP level 9. HP: 80/94 MP: 9/9
  7343 | D:5      | Killed Crazy Yiuf
  7448 | D:6      | Reached skill level 8 in Fighting
  8168 | D:6      | Identified the -6 pair of boots "Amadgh" {Harm}
  8243 | D:6      | Found a staircase to the Ecumenical Temple.
  8389 | Temple   | Entered the Ecumenical Temple
  8442 | Temple   | Became a worshipper of Warmaster Okawaru
  8507 | D:7      | Found a hazy altar of Hepliaklqana.
  8518 | D:7      | Found a bloodstained altar of Trog.
  8628 | D:7      | Reached skill level 9 in Fighting
  9625 | D:8      | Reached * piety under Okawaru
  9652 | D:8      | Reached XP level 10. HP: 106/107 MP: 10/10
  9968 | D:8      | Reached skill level 10 in Maces & Flails
 10162 | D:8      | Reached ** piety under Okawaru
 10221 | D:8      | Reached skill level 10 in Fighting
 10584 | D:8      | Found a staircase to the Lair.
 11742 | D:9      | Reached *** piety under Okawaru
 11876 | D:9      | Reached XP level 11. HP: 104/119 MP: 11/11
 11878 | D:9      | Reached skill level 11 in Fighting
 12027 | D:9      | Found a glowing golden altar of the Shining One.
 12354 | D:9      | Reached **** piety under Okawaru
 12863 | D:9      | Found a staircase to the Orcish Mines.
 13043 | D:10     | Entered Level 10 of the Dungeon
 13535 | D:10     | Noticed Joseph
 13549 | D:10     | Killed Joseph
 14140 | D:10     | Found a sparkling altar of Nemelex Xobeh.
 14418 | Lair:1   | Entered Level 1 of the Lair of Beasts
 14426 | Lair:1   | Reached skill level 12 in Fighting
 14472 | Lair:1   | Found a frozen archway.
 14483 | IceCv    | Entered an ice cave
 14581 | IceCv    | Reached ***** piety under Okawaru
 14679 | IceCv    | Identified the amulet "Oghalo" {Reflect Will+ Str+2 SH+5
                  | SInv}
 14801 | IceCv    | Noticed a white draconian
 14810 | IceCv    | Received a gift from Okawaru
 14821 | IceCv    | Killed a white draconian
 14821 | IceCv    | Identified the +3 quarterstaff of Precise Incision {freeze,
                  | rC++} (Okawaru gifted it to you in an ice cave)
 14821 | IceCv    | Received a gift from Okawaru
 14822 | IceCv    | Reached XP level 12. HP: 40/133 MP: 12/12
 14940 | IceCv    | Identified the ring of Jeni {Ice Fly rCorr Str+3}
 15109 | Lair:1   | Noticed a four-headed hydra
 15131 | Lair:1   | Killed a four-headed hydra
 15211 | Lair:1   | Noticed a four-headed hydra
 15221 | Lair:1   | Killed a four-headed hydra
 15351 | Lair:1   | Reached skill level 13 in Fighting
 15396 | Lair:1   | You fall into a shaft and drop 1 floor!
 15820 | Lair:2   | Noticed a catoblepas
 15822 | Lair:2   | Found a transporter.
 15822 | Lair:2   | Noticed Katirhy's ghost (journeyman DjCj)
 15824 | Lair:2   | Noticed a six-headed hydra
 15892 | Lair:2   | Found a transporter.
 16104 | Lair:2   | Found a staircase to the Snake Pit.
 16110 | Lair:2   | Received a gift from Okawaru
 16188 | Lair:2   | Found a blossoming altar of Fedhas.
 16280 | Lair:2   | Noticed a seven-headed hydra
 16327 | Lair:2   | Reached skill level 10 in Dodging
 16468 | Lair:2   | Noticed a seven-headed hydra
 16477 | Lair:2   | Killed a seven-headed hydra
 16642 | Lair:3   | Reached skill level 14 in Fighting
 16682 | Lair:3   | Found a staircase to the Swamp.
 16862 | Lair:3   | Reached XP level 13. HP: 143/146 MP: 13/13
 16873 | Lair:3   | Reached ****** piety under Okawaru
 16873 | Lair:3   | Identified the +0 hat "Fuapnumu" {Harm rPois Will+ SInv}
                  | (Okawaru gifted it to you on level 3 of the Lair of Beasts)
 16873 | Lair:3   | Received a gift from Okawaru
 17862 | Lair:4   | Reached skill level 15 in Fighting
 18762 | Lair:5   | Reached skill level 16 in Fighting
 19025 | Lair:5   | Noticed Nessos
 19264 | Lair:5   | Killed Nessos
 19814 | Lair:6   | Entered Level 6 of the Lair of Beasts
 19825 | Lair:6   | Identified the +1 robe of the Everdark {Fly rElec Str-3
                  | Dex+4} (Okawaru gifted it to you on level 6 of the Lair of
                  | Beasts)
 19825 | Lair:6   | Received a gift from Okawaru
 19826 | Lair:6   | Reached skill level 17 in Fighting
 19828 | Lair:6   | Reached XP level 14. HP: 119/166 MP: 14/14
 20352 | Lair:6   | Noticed a dire elephant
 20352 | Lair:6   | Noticed a dire elephant
 20464 | Lair:6   | Found a staircase to the Slime Pits.
 20464 | Lair:6   | Found a viscous altar of Jiyva.
 20749 | Lair:6   | Reached skill level 18 in Fighting
 20888 | Lair:6   | Noticed a dire elephant
 20900 | Lair:6   | Killed a dire elephant
 21095 | Lair:6   | Got the Volume of the Warped Oath
 21424 | Lair:6   | Received a gift from Okawaru
 21641 | Lair:6   | Reached skill level 19 in Fighting
 21999 | D:11     | Identified the +9 giant club "Sataplum" {spect, rPois rF+
                  | Will- Str+4} (Okawaru gifted it to you on level 11 of the
                  | Dungeon)
 21999 | D:11     | Received a gift from Okawaru
 22058 | D:11     | Found the +1 robe of Vines {NoPotionHeal Regen++++}
 22089 | D:11     | Found Riah's Book Shoppe.
 22582 | D:12     | Reached XP level 15. HP: 141/180 MP: 15/15
 22842 | D:12     | Noticed Rupert
 22849 | D:12     | Killed Rupert
 22979 | D:12     | Noticed Urug
 22984 | D:12     | Killed Urug
 23315 | Snake:1  | Entered Level 1 of the Snake Pit
 23469 | Orc:1    | Entered Level 1 of the Orcish Mines
 23725 | Orc:1    | Noticed Maurice
 23732 | Orc:1    | Killed Maurice
 23824 | Orc:2    | Entered Level 2 of the Orcish Mines
 23824 | Orc:2    | Found Road Agh's Distillery.
 23835 | Orc:2    | Received a gift from Okawaru
 23870 | Orc:2    | Found Qeeq's Antique Weapon Boutique.
 23955 | Orc:2    | Reached skill level 20 in Fighting
 23962 | Orc:2    | Bought a potion of curing for 54 gold pieces
 23962 | Orc:2    | Bought a potion of might for 72 gold pieces
 23962 | Orc:2    | Bought a potion of curing for 54 gold pieces
 23962 | Orc:2    | Bought a potion of might for 72 gold pieces
 23992 | Orc:2    | Found Oconacofet's Armour Shop.
 24359 | Orc:2    | Found Fosein's Assorted Antiques.
 24359 | Orc:2    | Found Efuothra's Distillery.
 24360 | Orc:2    | Found Rakhaidu's Antique Weapon Boutique.
 24366 | Orc:2    | Found Soesun's Distillery.
 24368 | Orc:2    | Bought a twitching bronze ring for 145 gold pieces
 24368 | Orc:2    | Identified the ring of Qigresev {Wiz rCorr Dex+3} (You
                  | bought it in a shop on level 2 of the Orcish Mines)
 24368 | Orc:2    | Bought a scroll labelled JELIGO FIUWEO for 29 gold pieces
 24373 | Orc:2    | Bought a potion of haste for 140 gold pieces
 24373 | Orc:2    | Bought a potion of haste for 140 gold pieces
 24385 | Orc:2    | Found a staircase to the Elven Halls.
 24442 | Orc:2    | Found Yluomaxt's Distillery.
 24458 | Orc:2    | Bought a potion of haste for 160 gold pieces
 24458 | Orc:2    | Bought 2 potions of resistance for 320 gold pieces
 24458 | Orc:2    | Bought a potion of might for 64 gold pieces
 24830 | D:13     | Noticed Kirke
 24843 | D:13     | Killed Kirke
 24883 | D:13     | Reached skill level 15 in Dodging
 25303 | D:13     | Found a gate to the Vaults.
 25324 | D:13     | HP: 4/184 [+10 long sword (30)]
 25741 | D:13     | Received a gift from Okawaru
 25915 | D:14     | Noticed Azrael
 26125 | D:14     | Killed Azrael
 26288 | D:14     | Reached skill level 21 in Fighting
 26739 | D:14     | Identified the +4 giant club of Arbitration {antimagic,
                  | rCorr Str+9 Int-3 Dex-5} (Okawaru gifted it to you on level
                  | 14 of the Dungeon)
 26739 | D:14     | Received a gift from Okawaru
 27184 | D:14     | Reached XP level 16. HP: 197/197 MP: 16/16
 27260 | D:15     | Entered Level 15 of the Dungeon
 27308 | D:15     | Found a staircase to the Depths.
 27445 | D:15     | Found a gate leading to a gauntlet.
 27455 | Gauntlet | Entered a Gauntlet
 27455 | Gauntlet | Found a large runed translucent door.
 27455 | Gauntlet | Found a large runed translucent door.
 27455 | Gauntlet | Found a large runed translucent door.
 27455 | Gauntlet | Found a large runed translucent door.
 27455 | Gauntlet | Found a runed translucent door.
 27455 | Gauntlet | Found a large runed translucent door.
 27455 | Gauntlet | Found a large runed translucent door.
 27455 | Gauntlet | Found a transporter.
 27455 | Gauntlet | Found a transporter.
 27455 | Gauntlet | Found a large runed translucent door.
 27455 | Gauntlet | Found a large runed translucent door.
 27455 | Gauntlet | Found a runed translucent gate.
 27455 | Gauntlet | Found a runed translucent gate.
 27455 | Gauntlet | Found a transporter.
 27458 | Gauntlet | Found a transporter.
 27461 | Gauntlet | Found a transporter.
 27462 | Gauntlet | Found a runed translucent gate.
 27462 | Gauntlet | Found a runed translucent door.
 27466 | Gauntlet | Found a large runed translucent door.
 27466 | Gauntlet | Found a large runed translucent door.
 27477 | Gauntlet | Found a transporter.
 27478 | Gauntlet | Found a transporter.
 27531 | Gauntlet | Found a large runed translucent door.
 27531 | Gauntlet | Found a large runed translucent door.
 27532 | Gauntlet | Found a large runed translucent door.
 27532 | Gauntlet | Found a large runed translucent door.
 27533 | Gauntlet | Found a large runed translucent door.
 27533 | Gauntlet | Found a large runed translucent door.
 27537 | Gauntlet | Found a transporter.
 27547 | Gauntlet | Found a transporter.
 27562 | Gauntlet | Found a transporter.
 27572 | Gauntlet | Found a transporter.
 27587 | Gauntlet | Found a transporter.
 27722 | Gauntlet | Paralysed by a hornet for 1 turns
 27830 | Gauntlet | Identified the +5 hat "Iskin" {rF- rC+ Str+2 SInv}
 27875 | Gauntlet | Identified the +10 hand axe "Heschyiw" {vamp, Int+4}
 28192 | Swamp:1  | Entered Level 1 of the Swamp
 28326 | Swamp:1  | Received a gift from Okawaru
 28438 | Swamp:1  | You fall into a shaft and drop 1 floor!
 29528 | Swamp:2  | Reached skill level 22 in Fighting
 29724 | Swamp:2  | Reached skill level 15 in Maces & Flails
 30114 | Swamp:2  | Noticed Donald
 30126 | Swamp:2  | Killed Donald
 30830 | Swamp:3  | Noticed a thorn hunter
 30904 | Swamp:3  | Killed a thorn hunter
 31092 | Swamp:3  | Noticed a tentacled monstrosity
 31127 | Swamp:3  | Killed a tentacled monstrosity
 31643 | Swamp:2  | Identified the +0 robe of Leapfrog {Harm rF- Will++ Int+6}
                  | (Okawaru gifted it to you on level 2 of the Swamp)
 31643 | Swamp:2  | Received a gift from Okawaru
 33169 | Swamp:3  | Reached XP level 17. HP: 158/210 MP: 17/17
 33891 | Swamp:4  | Entered Level 4 of the Swamp
 37862 | Swamp:4  | Received a gift from Okawaru
 37863 | Swamp:4  | Reached skill level 23 in Fighting
 38685 | Swamp:3  | Identified the +1 robe "Qedij" {rC+ rN+} (Okawaru gifted it
                  | to you on level 3 of the Swamp)
 38685 | Swamp:3  | Received a gift from Okawaru
 39758 | Swamp:4  | Found a blossoming altar of Fedhas.
 39909 | Swamp:4  | Found a basalt altar of Yredelemnul.
 39923 | Swamp:4  | Got a decaying rune of Zot
 42083 | Snake:1  | Found Ocuich's Armour Shop.
 42083 | Snake:1  | Found Ekkeneec's Book Boutique.
 42234 | Snake:1  | Reached XP level 18. HP: 191/223 MP: 18/18
 42755 | Snake:1  | Received a gift from Okawaru
 42755 | Snake:1  | Found the +7 great mace "Undeadhunter" {disrupt, rN+}
 44262 | Snake:2  | Identified the +3 giant club of Fragile Peace {venom, rF++
                  | rC+ Str+4 Int-4} (Okawaru gifted it to you on level 2 of
                  | the Snake Pit)
 44262 | Snake:2  | Received a gift from Okawaru
 45987 | Snake:3  | Reached skill level 24 in Fighting
 46207 | Snake:3  | Received a gift from Okawaru
 46907 | Snake:4  | Entered Level 4 of the Snake Pit
 47987 | Snake:4  | Noticed Mlioglotl
 48196 | Snake:4  | Noticed a lich
 48308 | Snake:3  | Killed Mlioglotl
 48550 | Snake:4  | Found Tiesois's Armour Shoppe.
 48554 | Snake:4  | Noticed Aizul
 48565 | Snake:4  | Killed Aizul
 48692 | Snake:4  | Reached XP level 19. HP: 236/236 MP: 19/19
 48778 | Snake:4  | Received a gift from Okawaru
 49629 | Snake:4  | Received a gift from Okawaru
 50634 | Snake:4  | Noticed Saint Roka
 50692 | Snake:4  | Killed Saint Roka
 51002 | Snake:4  | Received a gift from Okawaru
 51373 | Snake:4  | Reached skill level 25 in Fighting
 51677 | Snake:4  | Got a serpentine rune of Zot
 51928 | Slime:1  | Entered Level 1 of the Pits of Slime
 52640 | Slime:1  | You fall into a shaft and drop 1 floor!
 54162 | Slime:2  | Noticed Dissolution
 54445 | Vaults:1 | Entered Level 1 of the Vaults
 54800 | Vaults:1 | Reached XP level 20. HP: 245/249 MP: 20/20
 55130 | Vaults:1 | Found a runed translucent gate.
 55130 | Vaults:1 | Found a runed translucent gate.
 55131 | Vaults:1 | Found a runed translucent gate.
 55606 | Vaults:1 | Received a gift from Okawaru
 56397 | Vaults:2 | Received a gift from Okawaru
 56703 | Vaults:2 | Got the Grimoire of the Moneychanger
 57627 | Vaults:3 | Reached skill level 26 in Fighting
 57652 | Vaults:3 | Received a gift from Okawaru
 58858 | Vaults:3 | Received a gift from Okawaru
 59120 | Vaults:3 | Found a transporter.
 59120 | Vaults:3 | Noticed christhawk's ghost (adept MiHu)
 59121 | Vaults:3 | Found a transporter.
 59768 | Vaults:3 | Found a staircase to the Crypt.
 59776 | Vaults:3 | Reached XP level 21. HP: 253/261 MP: 21/21
 60215 | Vaults:3 | Received a gift from Okawaru
 61940 | Slime:2  | Paralysed by a floating eye for 2 turns
 61961 | Slime:1  | Killed Dissolution
 62332 | Slime:3  | Gained mutation: You occasionally shout uncontrollably at
                  | your foes. [a shining eye]
 62333 | Slime:3  | Gained mutation: You have hidden genetic defects. [a
                  | shining eye]
 62350 | Slime:3  | Gained mutation: Armour fits poorly on your strangely
                  | shaped body. [a shining eye]
 63253 | Slime:3  | Lost mutation: Armour fits poorly on your strangely shaped
                  | body. [potion of mutation]
 63253 | Slime:3  | Lost mutation: You have hidden genetic defects. [potion of
                  | mutation]
 63253 | Slime:3  | Gained mutation: You are robust. (+10% HP) [potion of
                  | mutation]
 63253 | Slime:3  | Gained mutation: Your movements are slightly less
                  | encumbered by armour. (ER -2) [potion of mutation]
 63314 | Slime:3  | Received a gift from Okawaru
 63622 | Slime:4  | HP: 11/289 [acid blob (11)]
 63622 | Slime:4  | Mangled by a rockslime

Illustrated notes

Levels and vault maps discovered:
D:1:      dpeg_arrival_round_a, layout_loops_ring
D:2:      layout_rooms, ebering_ecumenical_altar_hall
D:3:      layout_rooms, kennysheep_slug_shrine, gup_sewer_entry_pipe,
          uniq_grinder
D:4:      minmay_angry_zag, layout_cave_pools,
          mainiacjoe_overflow_six_doors_small, mainiacjoe_overflow_big_doors,
          serial_shops, kennysheep_little_box, shop_statue, shop_statue,
          serial_rivers, chequers_serial_rivers_micro_a,
          chequers_serial_rivers_micro_a, chequers_serial_rivers_micro_b,
          chequers_serial_rivers_marsh, nicolae_ossuary_entry_ruins,
          nicolae_wormholes, uniq_sigmund, uniq_menkaure, uniq_ijyb
D:5:      layout_layer_cave, tgw_fedhas, minivault_26, uniq_crazy_yiuf_cottage
D:6:      layout_cave_pools, minmay_temple_entry_waves, grunt_potential
D:7:      layout_basic, mainiacjoe_overflow_small_starburst, old_standard_altar
D:8:      layout_cave_pods, lair_entry_dummy, minmay_misc_feat_rugged
D:9:      layout_roguey [special_room_orc], tso_altar, hiddenorc1_lemuel,
          special_room [special_room_orc]
D:10:     layout_layer_cave, kennysheep_mini_moat, enter_bailey_3, uniq_joseph
D:11:     layout_cave_pools, serial_shops, shop, hellmonk_guarded_unrand_vines
D:12:     layout_roguey, uniq_rupert, uniq_urug
D:13:     layout_basic, erik_vaults_1, serial_corexii_hall,
          corexii_hall_statues_t, corexii_hall_statues_s, uniq_kirke
D:14:     layout_cave_pools, chequers_serial_rivers_micro_e, skrybe_limestone_x,
          small_statue_alley_a, argonaut_gorgonesque, uniq_azrael
D:15:     grunt_enter_depths_giant_problem, layout_basic, minivault_4,
          gauntlet_entry_generic, uniq_louise
Temple:   nicolae_temple_god_jail
Lair:1:   layout_big_grid, portal_ice_cave_entry_pillars_1,
          nicolae_lair_run_with_the_wolves
Lair:2:   layout_big_grid, minmay_snake_entry_spellcaster,
          gammafunk_ghost_arena, enter_volcano_4, hangedman_tree_tricks,
          minivault_19
Lair:3:   layout_small_grid, minmay_swamp_entry_reptiles,
          infiniplex_staircase_pool
Lair:4:   layout_long_grid, serial_bayou_shore_b, lemuel_fruit_fields
Lair:5:   layout_gridlike, ice2_lemuel, infiniplex_staircase_pool_2, uniq_nessos
Lair:6:   due_jungle_book, layout_long_grid, slime_altar_1, lemuel_fruit_fields
Swamp:1:  layout_basic_swamp, evilmike_swamp_ruin_house_6, swamp_pool2,
          nicolae_swamp_baby_hydras
Swamp:2:  layout_falls_marsh, evilmike_swamp_ruin_house_2, swamp_pool3,
          uniq_donald
Swamp:3:  layout_basic_swamp, evilmike_swamp_ruin_house_3
Swamp:4:  byrel_swamp_growth_death_and_undeath, layout_basic_swamp, swamp_pool3,
          nicolae_swamp_little_swirl
Snake:1:  hangedman_cross_veins, layout_layer_cave, minmay_shoptagon
Snake:2:  layout_misc_corridors, st_stairs_7
Snake:3:  layout_cave_town, grunt_megastairs_5, lemuel_fruit_tree
Snake:4:  grunt_snake_rune_spirals, layout_onion_interference, serial_shops,
          nicolae_shop_advertising_works [nicolae_subvault_shop_adworks],
          uniq_saint_roka, uniq_mlioglotl, uniq_aizul
Slime:1:  layout_caves
Slime:2:  layout_caves, uniq_dissolution
Slime:3:  cheibrodos_slime_lost_civilization_10, layout_caves
Slime:4:  layout_caves
Orc:1:    layout_diamond_mine, uniq_maurice
Orc:2:    st_orc_mages, layout_caves, serial_shops, shop, shop, shop, shop,
          kennysheep_orc_chapel
Vaults:1: ploomutoo_gammafunk_ghost_potion_laboratory, ontoclasm_vaults_spin,
          ontoclasm_vaults_claustrophobia, nicolae_vaults_circle_grid_a,
          hangedman_vaults_trim, grunt_vaults_funnel, v_misc_18,
          hangedman_vaults_slice, layout_vaults_quadrants
Vaults:2: ontoclasm_vaults_shuriken, nicolae_vaults_sealed_display,
          nicolae_vaults_asterisk, v_misc_1, v_pattern_5, v_misc_10,
          nicolae_vaults_little_squares_6, grunt_vaults_bifocal, v_misc_19,
          vaults_room_grid, nicolae_vaults_quartermaster,
          layout_vaults_maze_snakey
Vaults:3: gammafunk_ghost_arena, minmay_crypt_entry_simple_plaza,
          hangedman_vaults_nodes, nicolae_vaults_fighting_squares, v_pattern_2,
          hangedman_vaults_river_flow, nicolae_vaults_little_squares_5,
          nicolae_vaults_little_squares_2, hangedman_vaults_slice,
          vaults_room_semicircle, layout_vaults_big_cross
Vaults:4: v_misc_17, v_rooms_1, vaults_dpeg_encased_lava, v_misc_9,
          nicolae_vaults_alarming, v_rooms_6, layout_vaults_big_room

Skill      XL: |  1  2  3  4  5  6  7  8  9 10 11 12 13 14 15 16 17 18 19 20 21 |
---------------+----------------------------------------------------------------+-----
Fighting       | 3 4 5 6 7 9 10 12 14 17 19 21 22 23 24 25 26 | 26.8
Maces & Flails | 3 4 5 6 7 9 11 12 14 15 17 18 20 21 22 | 22.0
Dodging        | 3 4 5 6 8 9 10 12 14 15 16 17 18 19 | 19.8
Throwing       | |  2.0

Action                   |  1- 3 |  4- 6 |  7- 9 | 10-12 | 13-15 | 16-18 | 19-21 || total
-------------------------+-------+-------+-------+-------+-------+-------+-------++-------
Melee: Flail             |    87 |   106 |   201 |       |       |       |       ||   394
       Punch             |     1 |     1 |     7 |     4 |    12 |    30 |       ||    55
       Shillelagh        |       |       |   100 |   366 |   803 |  1245 |       ||  2514
       Giant spiked club |       |       |       |       |       |   134 |  1341 ||  1475
Throw: Dart              |       |    18 |    12 |     7 |     8 |       |       ||    45
       Throwing net      |       |       |       |     7 |     1 |       |       ||     8
       Large rock        |       |       |       |     1 |       |       |       ||     1
Invok: Heroism           |       |       |       |       |     1 |     1 |     2 ||     4
Evoke: Wand              |       |       |       |     1 |     3 |    24 |     3 ||    31
  Use: Scroll            |     1 |     5 |    13 |     5 |     7 |    23 |     7 ||    61
       Potion            |       |     3 |     1 |     2 |     3 |     6 |     6 ||    21
 Stab: Distracted        |       |       |       |     1 |       |       |       ||     1
       Invisible         |       |       |       |       |     2 |       |       ||     2
Armor: Robe              |    24 |    36 |    75 |    20 |    20 |    37 |       ||   212
       Troll leather arm |       |       |       |    31 |    46 |       |       ||    77
       Swamp dragon scal |       |       |       |       |       |   380 |   396 ||   776
Dodge: Dodged            |    47 |    73 |   132 |   155 |   289 |   728 |   657 ||  2081
Block: Other             |       |       |       |    38 |    90 |   226 |   208 ||   562
       Reflection        |       |       |       |       |     5 |    13 |    21 ||    39
